[Event "1000GM Schev-B January 2024"]
[Site "Sunnyvale"]
[Date "2024.01.22"]
[Round "5.3"]
[White "Angeles Mercado, Anthony R"]
[Black "Jin, Austin"]
[Result "1-0"]
[ECO "C54"]
[WhiteElo "2057"]
[BlackElo "1836"]
[Annotator "TA"]
[PlyCount "85"]
[EventDate "2024.01.20"]
[EventType "schev"]
[EventCountry "USA"]
[SourceTitle "playchess.com"]
[Source "ChessBase"]
[SourceQuality "1"]
[TimeControl "5400+30"]

1. e4 e5 2. Nf3 Nc6 3. Bc4 Bc5 4. O-O Nf6 5. d3 O-O 6. Re1 d6 7. c3 a6 8. Bb3 h6 9. h3 Re8 10. Nbd2 Ba7 11. Nf1 Be6 12. Ba4 b5 13. Bc2 d5 14. Ng3 {[%emt 0:13:54] The position is equal.} Qd7 15. Be3 (15. exd5 {is interesting.} Bxd5 16. Nh4 Rad8 17. b4) 15... Bxe3 16. Rxe3 Rad8 17. Qc1 a5 18. Re1 Qc8 (18... a4 $11) 19. Nh4 (19. d4 $14) 19... Qd7 20. Rd1 Ne7 21. d4 Nxe4 22. Nxe4 dxe4 23. dxe5 Qc6 24. Qe3 Nf5 (24... Bd5 $11 25. Rd4 g5) 25. Nxf5 $14 Bxf5 26. f4 Rxd1+ 27. Rxd1 f6 $2 {[%emt 0:44:30] [#]} (27... g5 $1 $14) 28. g4 $1 $18 Bh7 29. Bb3+ Kh8 30. Bd5 (30. e6 $18 {has better winning chances.}) 30... Qa6 $2 {[%emt 0:00:00][%mdl 8192] [#] Loses the game.} (30... Qd7 $16) 31. Bf7 $1 ({Not} 31. Bxe4 Bxe4 32. Qxe4 Qe6 $11) 31... Rc8 32. e6 {[%emt 0:00:47] And now e7 would win.} Bg8 33. Bxg8 Kxg8 34. Qxe4 {[%emt 0:00:05][%mdl 4096] Endgame. KQR-KQR} Qb6+ 35. Kg2 {[%emt 0:00:27] Hoping for e7.} Qc5 36. e7 {[%emt 0:06:08] Intending Rd8+ and mate.} Re8 37. Qe6+ Kh7 38. Re1 {[%emt 0:00:24] Qd7 would now be deadly.} Qc4 $2 (38... Qd6 {was called for.} 39. Qxd6 cxd6) 39. Qd7 Qxf4 $2 (39... Qf7 $18 40. Re6 (40. Qxb5 Rxe7 41. Qd3+ g6 $18) 40... b4) 40. Qxe8 {[%emt 0:00:40] White mates.} Qd2+ 41. Kf1 Qd3+ 42. Kf2 Qd2+ 43. Re2 {[%emt 0:00:04] Weighted Error Value: White=0.26 (precise) /Black=0.65.  Loses game:     	---       	Black=2      Mistake:       	White=2     	Black=4      Inaccurate:     	White=3     	Black=2      OK:         	White=7     	Black=7      Best:        	White=3     	Black=2      Strong:       	White=2     	---} 1-0

[Event "1000GM Schev-B January 2024"]
[Site "Sunnyvale"]
[Date "2024.01.22"]
[Round "5.4"]
[White "Stevens, Adam B"]
[Black "Gracia Alvarez, Gerardo Antonio"]
[Result "0-1"]
[ECO "D30"]
[WhiteElo "1878"]
[BlackElo "2224"]
[Annotator "RC"]
[PlyCount "56"]
[EventDate "2024.01.20"]
[EventType "schev"]
[EventCountry "USA"]
[SourceTitle "playchess.com"]
[Source "ChessBase"]
[SourceQuality "1"]
[TimeControl "5400+30"]

1. d4 d5 2. c4 e6 3. Nf3 h6 4. g3 Nf6 5. Bg2 Bd6 6. O-O O-O 7. Qc2 b6 8. cxd5 exd5 9. Nc3 Bb7 10. Nb5 Re8 11. Nxd6 cxd6 12. b3 Nc6 13. Ba3 b5 14. e3 a5 15. Rac1 Qd7 16. h4 Rec8 17. Qb1 b4 18. Bb2 a4 19. Nd2 a3 20. Ba1 Ne7 21. e4 Nxe4 22. Nxe4 dxe4 23. Bxe4 Bxe4 24. Qxe4 d5 25. Qd3 Qf5 26. Qd2 Rxc1 27. Rxc1 Rc8 28. Rc5 Qb1+ 0-1

[Event "1000GM Schev-B January 2024"]
[Site "Sunnyvale"]
[Date "2024.01.22"]
[Round "5.5"]
[White "Ganesan, Vikrant"]
[Black "Contreras, Henry"]
[Result "1/2-1/2"]
[ECO "A70"]
[WhiteElo "1870"]
[BlackElo "2107"]
[Annotator "TA"]
[PlyCount "32"]
[EventDate "2024.01.20"]
[EventType "schev"]
[EventCountry "USA"]
[SourceTitle "playchess.com"]
[Source "ChessBase"]
[SourceQuality "1"]
[TimeControl "5400+30"]

1. c4 Nf6 2. Nc3 g6 3. e4 d6 4. d4 Bg7 5. h3 c5 6. d5 O-O 7. Bd3 e6 8. Nf3 exd5 9. cxd5 a6 10. a4 Re8 11. O-O c4 12. Bc2 Nbd7 13. Be3 Rb8 14. Ba7 Ra8 15. Bd4 Rb8 16. Ba7 {[%emt 0:00:10] White is more active.} ({White should play} 16. a5 $16) 16... Ra8 {[%emt 1:34:41] White did not feel at home in the position after the opening.   Weighted Error Value: White=0.36/Black=0.15 (very precise) .  Mistake:       	White=1     	---        Inaccurate:     	White=1     	Black=1      OK:         	White=1     	Black=1      Best:        	---       	Black=1} 1/2-1/2